 Dungeon Crawl Stone Soup version 0.29.1-15-g9cfb28693d (webtiles) character file.

Game seed: 424178518853354000

578 H0rd4k the Insei (level 7, -29/47 HPs)
             Began as an Octopode Artificer on Mar 30, 2023.
             Annihilated by a komodo dragon (30 damage)
             ... on level 5 of the Dungeon.
             The game lasted 00:03:38 (6273 turns).

H0rd4k the Insei (Octopode Artificer)               Turns: 6273, Time: 00:03:38

Health: -29/47     AC:  1    Str: 11    XL:     7   Next: 36%
Magic:  11/11      EV: 13    Int: 15    God:
Gold:   231        SH:  0    Dex: 13    Spells: 12/12 levels left

rFire   . . .      SeeInvis .     - Unarmed
rCold   . . .      Faith    .   (no shield)
rNeg    . . .      Spirit   .   (helmet restricted)
rPois   .          Reflect  .   (no amulet)
rElec   .          Harm     .   (no ring)
rCorr   .          Rampage  .   (no ring)
Will    .....                   (no ring)
Stlth   +++.......              (no ring)
HPRegen 0.15/turn               (no ring)
MPRegen 0.12/turn               (no ring)
                                (no ring)
                                (no ring)

@: lethally poisoned (-29 -> -33)
A: almost no armour, amphibious, 8 rings, camouflage 1, gelatinous body 1,
(nimble swimmer 1), tentacles
a: no special abilities


You were on level 5 of the Dungeon.
You visited 2 branches of the dungeon, and saw 6 of its levels.

You collected 231 gold pieces.

Inventory:

Missiles
 s - 7 poisoned darts
 A - 2 curare-tipped darts
Jewellery
 q - a ring of fire
 w - a ring of fire
Wands
 b - a wand of flame (22) (quivered)
 c - a wand of charming (11)
 u - a wand of acid (11)
 y - a wand of digging (4)
 C - a wand of mindburst (22)
 D - a wand of paralysis (11)
Scrolls
 a - a scroll of noise {unknown}
 e - a scroll of blinking {unknown}
 i - 2 scrolls of magic mapping {unknown}
 k - 2 scrolls of identify
 m - 2 scrolls of teleportation {unknown}
 n - 2 scrolls of brand weapon {unknown}
 t - 3 scrolls of fear
 v - a scroll of amnesia {unknown}
 B - a scroll of enchant weapon {unknown}
Potions
 d - 2 potions of brilliance {unknown}
 f - 2 potions of flight {unknown}
 g - 3 potions of degeneration {unknown}
 h - 2 potions of haste {unknown}
 j - 2 potions of curing {unknown}
 l - 2 potions of ambrosia {unknown}
 o - 4 potions of heal wounds {unknown}
 p - a potion of cancellation {unknown}
 r - a potion of attraction {unknown}
 x - 2 potions of berserk rage {unknown}
 z - a potion of resistance {unknown}


   Skills:
 * Level 3.9 Fighting
 - Level 2.3 Dodging
 - Level 1.3 Stealth
 + Level 5.0 Unarmed Combat
 * Level 3.2 Spellcasting
 - Level 3.2 Evocations


You had 12 spell levels left.
You didn't know any spells.
Your spell library contained the following spells:

 Spells                   Type           Power      Damage    Failure   Level
 Freeze                   Ice            8%         1d3       21%         1
 Ensorcelled Hibernation  Hex/Ice        4%         N/A       30%         2
 Passwall                 Tmut/Erth      1%         N/A       30%         2
 Frozen Ramparts          Ice            4%         1d1       52%         3
 Swiftness                Air            2%         N/A       52%         3
 Hailstorm                Conj/Ice       2%         3d3       89%         4


Dungeon Overview and Level Annotations

Branches:
Dungeon (5/15)             Temple (1/1) D:5

Altars:
Ashenzari
Cheibriados
Dithmenos
Elyvilon
Fedhas
Hepliaklqana
Makhleb
Okawaru
Qazlal
Ru
Sif Muna
Trog
Uskayaw
Vehumet
Wu Jian
Xom
Yredelemnul
Zin
The Shining One

Shops:
D:3 (


Innate Abilities, Weirdness & Mutations

You cannot wear most types of armour.
You are amphibious.
You can wear up to eight rings at the same time.
Your skin changes colour to match your surroundings (Stealth+).
Your rubbery body absorbs attacks. (AC +1, EV +1)
((You are camouflaged when in or above water. (Stealth+)))
You have tentacles for arms and can constrict up to eight enemies at once.


Message History

The shadow is moderately damaged.
The shadow slips into darkness.
The shadow flickers and vanishes!
Deactivating autopickup; reactivate with Ctrl-A.
You tentacle-slap the komodo dragon but do no damage.
The shadow strikes at you from the darkness!
Ouch! That really hurt!
Reactivating autopickup.
The komodo dragon barely misses you.
You are too injured to fight recklessly!
You are too injured to fight recklessly!
You are too injured to fight recklessly!
Aiming: Charm
Press: ? - help, Shift-Dir - straight line, f - shadow
Aim: a shadow (moderately damaged, chance to affect: 39%)
The shadow resists with some effort.
The shadow hits you!
* * * LOW HITPOINT WARNING * * *
The komodo dragon misses you.
Okay, then.
Unknown command.
Aiming: Charm
Press: ? - help, Shift-Dir - straight line, f - komodo dragon, p - shadow
Aim: a komodo dragon (chance to affect: 39%)
The komodo dragon resists with some effort.
The adder bites you.
* * * LOW HITPOINT WARNING * * *
You are lethally poisoned!
The adder poisons you! The shadow barely misses you.
The komodo dragon barely misses you. The adder closely misses you.
As you read the scroll labelled YPA ENEALOKLE, it crumbles to dust.
It is a scroll of identify.
t - 3 scrolls of fear
* * * LOW HITPOINT WARNING * * *
You feel sick.
The shadow slips into darkness.
The shadow flickers and vanishes!
Deactivating autopickup; reactivate with Ctrl-A.
The adder misses you. The komodo dragon bites you!!
Ouch! That really hurt!
You die...

...........................
###..........####..####.###
.............####''####...
#....#########........#####
#....# ##..........# ##...#
##............# ##...##
##.............. ......#
#...............
##....###.......@S.......
........#.......l{.......
#.#
.....##.#.......≈..§.....
#.#
.....##.#........§§.....
#.#
.#.....)#.......§≈≈.....
#.#
#.......#.......≈§§≈....
#.#
####....#...............
##.#
#....#..#...............
#..### .#...#..# #.....


You could see a komodo dragon and an adder.

Vanquished Creatures
  An ogre (D:5)
  2 phantoms (D:5)
  A scorpion (D:5)
  Terence (D:2)
  An iguana (D:5)
  Natasha (thrice) (D:2)
  7 adders
  A worm (D:3)
  A dart slug (D:3)
  6 orcs
  3 endoplasms
  A giant cockroach (D:4)
  13 goblins
  10 hobgoblins
  9 quokkas
  10 ball pythons
  6 bats
  A frilled lizard (D:2)
  7 kobolds
  7 rats
91 creatures vanquished.

Vanquished Creatures (collateral kills)
  3 orcs (D:5)
  An endoplasm (D:2)
  A hobgoblin (D:2)
5 creatures vanquished.

Grand Total: 96 creatures vanquished

Notes
Turn   | Place    | Note
-------+----------+-------------------------------------------
     0 | D:1      | H0rd4k the Octopode Artificer began the quest for the Orb.
     0 | D:1      | Reached XP level 1. HP: 13/13 MP: 1/1
   214 | D:1      | Reached XP level 2. HP: 13/18 MP: 1/3
   428 | D:1      | Reached skill level 1 in Spellcasting
  1627 | D:2      | Reached XP level 3. HP: 24/24 MP: 3/5
  1706 | D:2      | Reached skill level 1 in Unarmed Combat
  1959 | D:2      | Noticed Terence
  2124 | D:2      | Killed Terence
  2125 | D:2      | Reached XP level 4. HP: 30/30 MP: 6/6
  2361 | D:2      | Noticed Natasha
  2366 | D:2      | Killed Natasha
  2367 | D:2      | Reached skill level 2 in Unarmed Combat
  2375 | D:2      | Noticed Natasha
  2385 | D:2      | Killed Natasha
  2386 | D:2      | Reached XP level 5. HP: 23/35 MP: 8/8
  2394 | D:2      | Noticed Natasha
  2397 | D:2      | Killed Natasha
  3312 | D:3      | Found Narecs's Weapon Shop.
  3430 | D:3      | Reached skill level 3 in Unarmed Combat
  3855 | D:3      | Reached XP level 6. HP: 42/42 MP: 10/10
  4983 | D:5      | Entered Level 5 of the Dungeon
  5264 | D:5      | Reached skill level 4 in Unarmed Combat
  5319 | D:5      | Reached XP level 7. HP: 17/47 MP: 11/11
  5606 | D:5      | Found a staircase to the Ecumenical Temple.
  5615 | Temple   | Entered the Ecumenical Temple
  6105 | D:5      | Reached skill level 5 in Unarmed Combat
  6262 | D:5      | Noticed a komodo dragon
  6262 | D:5      | Noticed a shadow
  6272 | D:5      | HP: 2/47 [adder (1)]
  6273 | D:5      | Annihilated by a komodo dragon

Illustrated notes

Levels and vault maps discovered:
D:1:      psy_arrival_fountain, layout_loops_ring, minmay_misc_feat_x,
          chequers_decorated_corner, chequers_serial_rivers_large_b
D:2:      layout_rooms, uniq_natasha, uniq_terence
D:3:      layout_basic, serial_shops, nicolae_shop_bloodbath_and_beyond,
          minmay_joined_circles
D:4:      layout_rooms, minmay_misc_feat_plants
D:5:      kennysheep_big_flooded_room, layout_basic, minmay_temple_entry_arrows
Temple:   compressed_dpeg_triangle_lava_temple

Skill      XL: |  1  2  3  4  5  6  7 |
---------------+----------------------+-----
Spellcasting   | 1 2 3 |  3.2
Fighting       | 2 3 |  3.9
Unarmed Combat | 1 2 3 4 5 |  5.0
Dodging        | |  2.3
Stealth        | |  1.3
Evocations     | |  3.2

Action                   |  1- 3 |  4- 6 |  7- 9 || total
-------------------------+-------+-------+-------++-------
Melee: Unarmed           |    94 |   148 |    21 ||   263
       Constrict         |    24 |    36 |     1 ||    61
       Tentacles         |    18 |    33 |     2 ||    53
       Punch             |     3 |     4 |     2 ||     9
Evoke: Wand              |     4 |    21 |     2 ||    27
  Use: Scroll            |       |       |     1 ||     1
 Stab: Sleeping          |     7 |    13 |       ||    20
Armor: Skin              |    13 |     8 |     1 ||    22
Dodge: Dodged            |    69 |    89 |    18 ||   176
